[Event "Nordstansblixten 2025"]
[Site "Nordstan, Göteborg, Sweden"]
[Date "2025.05.10"]
[Round "1.1"]
[White "Bjureblad, Martin"]
[Black "Wellevit, Tomas"]
[Result "0-1"]
[TimeControl "3 minutes + 2 seconds per move from move one"]
[BlackFideId "1731963"]
[WhiteElo "1645"]
[BlackElo "2131"]

1. e4 c5 2. Nf3 Nc6 3. d4 cxd4 4. Nxd4 e6 5. Nb5 a6 6. Nd6+ Bxd6 7. Qxd6 Nge7 8. Qg3 O-O 9. Bd3 Qa5+ 10.
c3 Ne5 11. Bc2 N5g6 12. O-O f5 13. Be3 f4 14. Qh3 fxe3 15. Qxe3 b5 16. Nd2 Qc7 17. Bb3 Bb7 18. Rac1 Qc6 19.
f4 Nf5 20. Qf2 Nd6 21. e5 Nf5 22. Rce1 Nxf4 23. Ne4 Nh4 24. Qxh4 Qb6+ 25. Kh1 Nd3 0-1

[ePGN "0.1;DGT LiveChess/2.2.7"]

[Event "Nordstansblixten 2025"]
[Site "Nordstan, Göteborg, Sweden"]
[Date "2025.05.10"]
[Round "1.3"]
[White "Sivarama, Saadhvik"]
[Black "Kadunic, Admir"]
[Result "1/2-1/2"]
[TimeControl "3 minutes + 2 seconds per move from move one"]
[WhiteElo "1595"]
[BlackElo "1852"]

1. e4 d6 2. d4 c5 3. dxc5 Qa5+ 4. Nc3 Qxc5 5. Be3 Qa5 6. Nf3 Nf6 7. Bd3 g6 8.
O-O Bg7 9. Qe2 O-O 10. a3 Nc6 11. b4 Qd8 12. Rab1 Bg4 13. Nd5 Nxd5 14. exd5 Ne5 15. c4 Rc8 16. Rbc1 Nxf3+ 17. gxf3 Bh5 18. Bf4 Qd7 19. Bg3 Rfe8 20. Rfe1 Bh6 21. Rc2 b6 22. c5 bxc5 23.
Bb5 Qf5 24. Bxe8 Rxe8 25. bxc5 Bxf3 26. Qc4 Bxd5 27. Qa4 Qf3 28. Qxe8+ Kg7 29. Kf1 Bc6 30. Qxe7 Bb5+ 31. Kg1 Bc6 32. Kf1 Qh1+ 33. Ke2 Bb5+ 34. Kd1 Qf3+ 35.
Ree2 Qd3+ 36. Ke1 Qxa3 37. Qxd6 Qa1+ 38. Rc1 Qxc1+ 39. Qd1 Qc3+ 40.
Kf1 Qxc5 41. Be5+ f6 42. Qd8 Bxe2+ 43. Kxe2 Qxe5+ 44. Kf1 Qb5+ 45. Kg1 Qb7 46. Qd6 a5 47. Qc5 a4 48. Qc4 a3 49.
Qa2 Bf4 50. Qe6 Be5 51. Kf1 Qb1+ 52. Kg2 Qe4+ 53. Kf1 Qd3+ 54. Kg2 Qe4+ 55. Kf1 h5 56. Qe7+ Kh6 57. Qf8+ Kg5 58. h4+ Qxh4 59. Qxa3 Qc4+ 60. Kg2 Qe4+ 61. Kf1 h4 62. Qe3+ Qxe3 63. fxe3 Kg4 64. Kg2 g5 65. Kh1 Kf3 66. Kg1 g4 67. Kh1 g3 68.
Kg1 h3 69. Kh1 Kxe3 70. Kg1 g2 1/2-1/2

[ePGN "0.1;DGT LiveChess/2.2.7"]

[Event "Nordstansblixten 2025"]
[Site "Nordstan, Göteborg, Sweden"]
[Date "2025.05.10"]
[Round "1.4"]
[White "Buzleta, Patrik"]
[Black "Vijayshankar, Kathir Nilavan"]
[Result "*"]
[TimeControl "3 minutes + 2 seconds per move from move one"]
[WhiteElo "1794"]
[BlackElo "1430"]

1. Nf3 g6 2. Nc3 Bg7 3.
b3 d6 4. Bb2 c5 5. Qc1 Bg4 6. Ng1 Nc6 7. h3 Bf5 8. Nf3 Nf6 9. g4 Be4 10. Nxe4 Nxe4 11. Bxg7 Rg8 12. Bb2 Qa5 13. Bg2 Qb6 14. O-O Nd4 15. Nxd4 Nxf2 16. Rxf2 cxd4 17. d3 Rc8 18.
Qf4 Rf8 19. Rc1 e5 20. Qe4 Qa6 21. a3 b5 22. Qb7 Qxb7 23. Bxb7 Rb8 24. Bc6+ Ke7 25. g5 b4 26. a4 f5 27. gxf6+ Rxf6 28. Rxf6 Kxf6 29. Rd1 Kg5 30. Rf1 Kh4 31. Kg2 Rc8 32. Bc1 *

[ePGN "0.1;DGT LiveChess/2.2.7"]

[Event "Nordstansblixten 2025"]
[Site "Nordstan, Göteborg, Sweden"]
[Date "2025.05.10"]
[Round "1.6"]
[White "Olivius, Sten"]
[Black "Dasari, Joel"]
[Result "1-0"]
[TimeControl "3 minutes + 2 seconds per move from move one"]
[WhiteElo "1678"]
[BlackElo "1511"]

1. e4 e5 2. Nf3 Nc6 3. Nc3 Nf6 4. Bb5 Bc5 5. Nxe5 Nxe5 6. d4 Bxd4 7. Qxd4 Nc6 8. Bxc6 bxc6 9. e5 Ng8 10.
O-O d6 11. exd6 Qxd6 12. Qxg7 Qf6 13. Re1+ Be6 14. Bh6 O-O-O 15. Qxf6 Nxf6 16. Bg7 Rhg8 17. Bxf6 Rd2 18. Re2 Rxe2 19. Nxe2 Bd5 20. Ng3 h5 21. h4 Kb7 22. b3 a6 23. c4 Be6 24. Nxh5 Bg4 25. Ng3 Rg6 26. Bg5 Be6 27.
Rd1 a5 28. f4 Rg7 29. Kf2 Kb6 30. Kf3 Kc5 31. Be7+ Kb6 32. Ne4 f5 33. Bc5+ Kb7 34. Ng5 Bf7 35. Nxf7 Rxf7 36. Re1 Ka6 37. Re7 Rxe7 38. Bxe7 c5 39.
h5 c6 40. h6 Kb7 41. h7 Ka6 42. h8=Q 1-0

[ePGN "0.1;DGT LiveChess/2.2.7"]

[Event "Nordstansblixten 2025"]
[Site "Nordstan, Göteborg, Sweden"]
[Date "2025.05.10"]
[Round "1.8"]
[White "Bergdahl, Martin"]
[Black "Munuswamy, Shivakumar"]
[Result "1-0"]
[TimeControl "3 minutes + 2 seconds per move from move one"]
[WhiteElo "1931"]
[BlackElo "1650"]

1. e4 d5 2. exd5 Nf6 3. Nc3 Nxd5 4. Bc4 Nxc3 5. bxc3 Bf5 6. Qf3 Bg6 7. Qxb7 Nd7 8. Bb5 Rb8 9. Bxd7+ Kxd7 10.
Qd5+ Kc8 11. Qxd8+ Kxd8 12. d3 e5 13. Nf3 f6 14. Be3 Rb7 15. O-O Ba3 16. Rab1 Rxb1 17. Rxb1 Kd7 18. Bxa7 Ra8 19. Be3 e4 20. dxe4 Bxe4 21. Ne1 Bd6 22. Rb2 Ra3 23. f3 Bd5 24.
Bd2 Ra6 25. Nd3 Rxa2 26. Rxa2 Bxa2 27. Nb4 Bb1 28. Kf2 Bxb4 29. cxb4 Bxc2 30. Ke3 Kd6 31. Kd4 Kc6 32. Kc4 Ba4 33. Bf4 Bb5+ 34. Kd4 Bf1 35. g3 Kb6 36. Bd2 Ba6 37. Kd5 c6+ 38. Ke6 Be2 39. f4 c5 40. Be3 Kb5 41. Bxc5 Bh5 42. Bf8 g6 43. Kxf6 Kc4 44. Kg7 Kd4 45.
Kxh7 Ke4 46. b5 Kf3 47.
b6 Kg2 48. b7 Bf3 49. b8=Q Kxh2 50. f5 gxf5 51. g4+ Bxg4 1-0

[ePGN "0.1;DGT LiveChess/2.2.7"]